 Seeded DCSS version 0.30-a0-726-gd89dcf765f (webtiles) character file.

Game seed: 20230129 (custom seed)

79237 Orangeyouglad the Fighter (level 15, -11/161 HPs)
             Began as an Ogre Gladiator on Jan 29, 2023.
             Was an Initiate of Yredelemnul.
             Mangled by a two-headed ogre
             ... wielding a +0 giant club
              (12 damage)
             ... on level 1 of the Orcish Mines on Jan 30, 2023.
             The game lasted 01:41:12 (29292 turns).

Orangeyouglad the Fighter (Ogre Gladiator)         Turns: 29292, Time: 01:41:12

Health: -11/161    AC:  9    Str: 32    XL:     15   Next: 62%
Magic:  12/22      EV: 20    Int: 11    God:    Yredelemnul [......]
Gold:   972        SH:  0    Dex: 13    Spells: 18/24 levels left

rFire   . . .      SeeInvis +    t - +5 lajatang of Harmony {protect, Dex+3}
rCold   . . .      Faith    .    (shield currently unavailable)
rNeg    + . .      Spirit   .    s - +1 robe of Fun and Games {rN+ Stlth+}
rPois   .          Reflect  .    b - +2 hat {SInv}
rElec   .          Harm     .    O - +2 cloak {Stlth+}
rCorr   .          Rampage  .    (gloves unavailable)
Will    +....                    (boots unavailable)
Stlth   +++                      p - amulet of the acrobat
HPRegen 0.46/turn                B - +5 ring of evasion
MPRegen 0.18/turn                E - +6 ring of strength

@: studying 2 skills
A: large, unfitting armour, tough skin 1
a: Renounce Religion, Recall Undead Harvest


You were on level 1 of the Orcish Mines.
You worshipped Yredelemnul.
Yredelemnul was aware of your devotion.
You visited 4 branches of the dungeon, and saw 23 of its levels.
You also visited: Sewer and Ossuary.

You collected 1288 gold pieces.
You spent 316 gold pieces at shops.

Inventory:

Hand Weapons
 t - the +5 lajatang of Harmony (weapon) {protect, Dex+3}
   (You acquired it on level 14 of the Dungeon)

   Dex:       It affects your dexterity (+3).
 K - a +0 quarterstaff of freezing
Missiles
 n - 7 boomerangs
 r - 33 large rocks
 y - 6 throwing nets
 L - 22 poisoned darts
 Q - 5 atropa-tipped darts
 Y - 4 curare-tipped darts
Armour
 b - a +2 hat of see invisible (worn)
 s - the +1 robe of Fun and Games (worn) {rN+ Stlth+}
   (You found it on level 2 of the Dungeon)

   rN:        It protects you from negative energy.
   Stlth:     It makes you more stealthy.
 x - a +0 robe of willpower
 O - a +2 cloak of stealth (worn)
Jewellery
 o - a ring of resist corrosion
 p - an amulet of the acrobat (around neck)
 A - a ring of flight
 B - a +5 ring of evasion (left hand)
 E - a +6 ring of strength (right hand)
 M - a ring of ice
 N - a ring of fire
Wands
 a - a wand of acid (5)
 m - a wand of paralysis (18)
 F - a wand of iceblast (1) (quivered)
 G - a wand of flame (31)
 I - a wand of polymorph (1)
 Z - a wand of mindburst (15)
Scrolls
 c - 2 scrolls of torment
 e - 4 scrolls of teleportation
 g - 2 scrolls of blinking
 i - 4 scrolls of vulnerability
 u - 2 scrolls of silence
 v - 2 scrolls of fear
 C - 4 scrolls of poison
 D - a scroll of fog
 V - a scroll of immolation
Potions
 d - 3 potions of ambrosia
 f - 12 potions of curing
 h - 3 potions of heal wounds
 j - 4 potions of might
 k - 2 potions of resistance
 l - 2 potions of berserk rage
 q - 5 potions of haste
 w - 3 potions of cancellation
 z - 3 potions of magic
 S - 2 potions of lignification
 T - a potion of mutation {unknown}
 W - a potion of brilliance {unknown}


   Skills:
 + Level 13.6 Fighting
 - Level 12.0 Staves
 + Level 12.8 Throwing
 + Level 12.6 Dodging
 - Level 5.0 Spellcasting
 - Level 7.0 Ice Magic
 - Level 5.1 Air Magic
 - Level 10.0 Invocations
 + Level 6.1 Evocations


You had 18 spell levels left.
You knew the following spells:

 Your Spells              Type           Power      Damage    Failure   Level
a - Ozocubu's Armour      Ice            18%        N/A       3%          3
b - Swiftness             Air            14%        N/A       8%          3

Your spell library contained the following spells:

 Spells                   Type           Power      Damage    Failure   Level
 Shock                    Conj/Air       32%        1d5       8%          1
 Magic Dart               Conj           8%         1d3       22%         1
 Slow                     Hex            8%         N/A       22%         1
 Airstrike                Air            7%         2d(1-17)  26%         4
 Searing Ray              Conj           4%         2d4       32%         2
 Confusing Touch          Hex            2%         N/A       54%         3
 Tukima's Dance           Hex            2%         N/A       54%         3
 Vampiric Draining        Necr           2%         2d6       54%         3
 Freezing Cloud           Conj/Ice/Air   5%         6-21      75%         5
 Fulminant Prism          Conj/Hex       1%         3d5       91%         4
 Passage of Golubria      Tloc           2%         N/A       91%         4
 Yara's Violent Unravell  Hex/Tmut       1%         3d3       99%         5
 Ozocubu's Refrigeration  Ice            9%         4d9       100%        7
 Polar Vortex             Ice            9%         N/A       100%        9
 Simulacrum               Ice/Necr       Unusable   N/A       N/A         6

Dungeon Overview and Level Annotations

Branches:
Dungeon (15/15) Temple (1/1) D:5 Lair (5/5) D:10 Shoals (0/4) Lair:2 Spider (0/4) Lair:3 Slime (0/5) Lair:5 Orc (2/2) D:10 Elf (0/3) Orc:2 Vaults (0/5) D:13 D:14 Depths (0/4) D:15 Sewer (visited) Ossuary (visited)

Altars:
Ashenzari
Cheibriados
Dithmenos
Elyvilon
Fedhas
Gozag
Hepliaklqana
Kikubaaqudgha
Makhleb
Nemelex Xobeh
Okawaru
Qazlal
Ru
Sif Muna
Trog
Uskayaw
Vehumet
Wu Jian
Xom
Yredelemnul
Zin
The Shining One
Jiyva

Shops:
D:2 =[(=   D:5 ??[*   D:7 :   D:8 **

Annotations:
D:6 2 transporters, Hamu's ghost, novice GnWn
D:14 3 runed translucent doors, Eweu's ghost, adept DjFE; Mostra's ghost, journeyman DjFE; Nustrige's ghost, adept OpWn; Pesafeac's ghost, journeyman OpCj; Rupert; scionoferis's ghost, journeyman DgHs


Innate Abilities, Weirdness & Mutations

You are too large for most types of armour.
You have tough skin. (AC +1)


Message History

The ogre is severely wounded.
The iceblast engulfs the two-headed ogre!
The two-headed ogre is almost dead.
The dead are walking!
You can now trade souls for undead servants.
You hear a shout!
The ogre hits your two-headed ogre zombie with a +0 giant club!!
The two-headed ogre hits your ogre mage zombie with a +0 giant club!
The two-headed ogre hits your ogre mage zombie with a +0 giant club!!
An ogre comes into view. It is wielding a +0 giant club.
Your two-headed ogre zombie hits the ogre but does no damage.
Your two-headed ogre zombie hits the ogre.
The two-headed ogre hits you with a +0 giant club!!
The two-headed ogre hits you with a +0 giant spiked club!
Yredelemnul sends a servant to aid you.
Yredelemnul accepts your bounty of souls!
You can no longer trade souls for undead servants.
The ogre mage hits you from afar with a +0 halberd.
The two-headed ogre misses you.
The two-headed ogre hits you with a +0 giant club!!
* * * LOW HITPOINT WARNING * * *
The ogre closely misses you.
The two-headed ogre hits you with a +0 giant club!!
* * * LOW HITPOINT WARNING * * *
The two-headed ogre completely misses you.
The ogre mage barely misses you.
You climb upwards.
Your summoned ally is left behind.
There is a stone staircase leading down here.
You feel much better. The two-headed ogre closely misses you.
The two-headed ogre hits you with a +0 giant club!
* * * LOW HITPOINT WARNING * * *
The ogre hits you with a +0 giant club!!
* * * LOW HITPOINT WARNING * * *
The two-headed ogre closely misses you.
The two-headed ogre hits you with a +0 giant spiked club!!
* * * LOW HITPOINT WARNING * * *
The two-headed ogre completely misses you.
The two-headed ogre hits you with a +0 giant club!
You die...
Your body rises from the dead as a mindless zombie.

#...##..........##
##.###..[......## ###
##.).....##
###)...)...###
##.....[....#.#
###..<.[.#Z....####
##.....^..##....##Z####
#......O.###.........#.
###.)O@O.##............
#...O..#.##.........#.
##...................##
#.................#.##
###................##
####...........###
#Z#...........#
##..........###
##.##......#


You could see 3 two-headed ogres and an ogre (fast).

Vanquished Creatures
  A fire dragon (Lair:5)
  Fannar (Lair:3)
  2 ogre magi (Orc:2)
  4 hydras
  9 two-headed ogres
  5 centaur warriors
  A boulder beetle (D:13)
  2 death yaks (Lair:5)
  Sonja (Lair:4)
  2 lindwurms
  2 orc knights
  3 deep elf pyromancers
  16 ugly things
  5 manticores
  4 cyclopes
  2 orc sorcerers (Orc:1)
  A salamander (D:15)
  4 elephants
  4 black mambas
  2 kobold demonologists
  A gargoyle (D:11)
  2 molten gargoyles (Lair:5)
  5 cane toads
  An efreet (D:15)
  4 komodo dragons (Lair:5)
  2 rime drakes (Lair:2)
  A tengu conjurer (D:14)
  3 trolls
  10 blink frogs
  4 hornets
  A polar bear (Lair:2)
  3 slime creatures
  2 shadows (D:10)
  A yak (shapeshifter) (D:14)
  A vampire (D:12)
  5 wyverns
  A wraith (D:11)
  12 humans
  17 yaks
  A spriggan (D:8)
  Grum (D:10)
  5 basilisks
  3 steam dragons
  3 vampire mosquitoes (D:13)
  3 wargs
  7 water moccasins
  3 acid dragons
  A floating eye (shapeshifter) (D:14)
  2 hell hounds (Lair:5)
  3 orc warriors
  A sky beast (D:4)
  Pargi (Sewer)
  An ice beast (D:5)
  A black bear (Lair:2)
  14 ogres
  4 wolves
  5 centaurs
  A phantom (D:5)
  2 kobold brigands
  8 bullfrogs
  2 gnoll sergeants
  An elf skeleton (D:4)
  3 scorpions
  8 wights
  14 killer bees
  3 howler monkeys
  4 lava snakes (Lair:5)
  A human zombie (Ossuary)
  3 hounds
  A gnoll bouda (D:9)
  An orc priest (D:11)
  Jessica (D:2)
  3 human skeletons (D:4)
  5 iguanas
  4 orc wizards
  A scorpion zombie (D:3)
  Natasha (twice) (D:2)
  2 hound zombies
  3 mummies (Ossuary)
  9 gnolls
  9 adders
  A shadow imp (D:6)
  2 white imps
  An adder zombie (Ossuary)
  3 worms
  2 dart slugs (D:1)
  29 orcs
  16 endoplasms
  8 giant cockroaches
  2 gnoll zombies (Ossuary)
  9 goblins
  9 hobgoblins
  18 kobolds
  2 quokkas
  8 ball pythons
  9 bats
  4 frilled lizards
  2 goblin zombies (Ossuary)
  3 hobgoblin zombies (Ossuary)
  2 kobold zombies (Ossuary)
  An orc skeleton (D:4)
  5 quokka zombies
  3 rats
  3 rat zombies (Ossuary)
439 creatures vanquished.

Vanquished Creatures (collateral kills)
  A dire elephant (D:15)
  Snorg (Lair:3)
  3 hydras
  4 death yaks (Lair:5)
  A lindwurm (Lair:3)
  2 ugly things
  3 cyclopes
  4 elephants
  A molten gargoyle (Lair:5)
  A torpor snail (Lair:5)
  6 black mambas
  4 komodo dragons
  6 cane toads
  An efreet (D:14)
  2 freezing wraiths
  A troll (Orc:1)
  A meliai (Lair:3)
  A polar bear (Lair:4)
  A hornet (D:9)
  14 blink frogs
  2 slime creatures
  2 wyverns
  10 yaks
  4 humans (D:14)
  5 basilisks
  A steam dragon (Lair:5)
  Edmund (D:6)
  3 water moccasins
  A sky beast (D:7)
  2 hell hounds (Lair:5)
  2 orc warriors
  A black bear (Lair:4)
  3 ogres
  A centaur (D:7)
  An elf zombie (D:4)
  6 bullfrogs
  2 scorpions
  2 killer bees (Lair:3)
  A lava snake (Lair:5)
  2 hounds
  3 orc priests
  An orc wizard (D:9)
  A boggart simulacrum (D:14)
  2 adders
  A white imp (D:5)
  A worm (D:4)
  A dart slug (D:4)
  11 orcs
  A ball python (D:4)
132 creatures vanquished.

Vanquished Creatures (others)
  A spectral elephant slug (Lair:5)
  2 death yak zombies (Lair:5)
  2 ugly thing zombies
  3 black mamba zombies
  A slime creature zombie (D:9)
  A two-headed ogre zombie (Orc:2)
  An elf zombie (Lair:3)
  A cane toad zombie (Lair:5)
  2 elephant zombies (Lair:5)
  A blink frog zombie (Lair:4)
  3 komodo dragon zombies
  A cyclops zombie (D:9)
  2 hell hound zombies (Lair:5)
  2 wyvern zombies (Lair:5)
  3 water moccasin zombies
  9 yak zombies
  A wolf zombie (Lair:2)
  4 bullfrog zombies
  3 centaur zombies
  3 basilisk zombies
  3 human zombies (D:14)
  2 scorpion zombies
  8 killer bee zombies
  3 ogre zombies
  A hound zombie (D:6)
  A spectral gnoll (D:9)
  A howler monkey zombie (D:7)
  3 steam dragon zombies
  3 adder zombies
  4 iguana zombies
  A spectral shadow imp (D:6)
  A spectral white imp (D:5)
  A bat zombie (D:3)
  3 gnoll zombies
  An endoplasm zombie (D:4)
  A giant cockroach zombie (D:4)
  2 goblin zombies (D:8)
  A kobold zombie (D:6)
  18 orc zombies
  39 fungi
  64 plants
207 creatures vanquished.

Grand Total: 778 creatures vanquished

Notes
Turn   | Place    | Note
-------+----------+-------------------------------------------
     0 | D:1      | Orangeyouglad the Ogre Gladiator began the quest for the
                  | Orb.
     0 | D:1      | Reached XP level 1. HP: 22/22 MP: 1/1
   116 | D:1      | Reached XP level 2. HP: 20/29 MP: 2/2
   121 | D:1      | Reached skill level 3 in Fighting
   372 | D:1      | You fall into a shaft and drop 1 floor!
   493 | D:1      | Reached XP level 3. HP: 34/37 MP: 3/3
   679 | D:2      | Noticed Natasha
   695 | D:2      | Killed Natasha
   696 | D:2      | Reached XP level 4. HP: 22/46 MP: 4/4
   914 | D:2      | Found Zocegagg's Armour Shop.
   938 | D:2      | Found Munuigy's Weapon Emporium.
  1184 | D:2      | Reached skill level 4 in Fighting
  1319 | D:2      | Found Posoehim's Jewellery Boutique.
  1321 | D:2      | Noticed Jessica
  1330 | D:2      | Killed Jessica
  1331 | D:2      | Reached XP level 5. HP: 53/54 MP: 5/5
  1353 | D:2      | Learned a level 3 spell: Ozocubu's Armour
  1487 | D:2      | Identified the +1 robe of Fun and Games {rN+ Stlth+}
  1553 | D:2      | Found Jila's Jewellery Shoppe.
  1949 | D:2      | Noticed Natasha
  1957 | D:2      | Killed Natasha
  2101 | D:3      | Found a blossoming altar of Fedhas.
  2204 | D:3      | Found a glowing drain.
  2260 | Sewer    | Entered a sewer
  2366 | Sewer    | Noticed Pargi
  2462 | Sewer    | Killed Pargi
  2463 | Sewer    | Reached skill level 1 in Spellcasting
  2463 | Sewer    | Reached XP level 6. HP: 49/63 MP: 6/8
  2569 | D:3      | Found an opulent altar of Gozag.
  2616 | D:3      | Found a basalt altar of Yredelemnul.
  2695 | D:3      | Became a worshipper of Yredelemnul the Dark
  3201 | D:4      | Reached skill level 5 in Fighting
  3225 | D:4      | Reached XP level 7. HP: 58/72 MP: 8/10
  3298 | D:4      | Found a broken altar of Ashenzari.
  3303 | D:4      | Reached * piety under Yredelemnul
  3408 | D:4      | Found a sand-covered staircase.
  3422 | D:4      | Reached skill level 1 in Ice Magic
  3441 | Ossuary  | Entered an ossuary
  3587 | Ossuary  | Reached skill level 5 in Staves
  3990 | D:4      | Reached skill level 6 in Fighting
  3990 | D:4      | Reached XP level 8. HP: 49/83 MP: 11/11
  4525 | D:5      | Entered Level 5 of the Dungeon
  4545 | D:5      | Found Typypt's Magic Scroll Emporium.
  4561 | D:5      | Bought a scroll of amnesia for 48 gold pieces
  4561 | D:5      | Bought a scroll of identify for 24 gold pieces
  4709 | D:5      | Reached skill level 5 in Throwing
  4709 | D:5      | Reached skill level 5 in Dodging
  4814 | D:5      | Found Daopnohi's Magic Scroll Boutique.
  4827 | D:5      | Bought a scroll of identify for 22 gold pieces
  4910 | D:5      | Found Nipes's Armour Shoppe.
  4965 | D:5      | Found a staircase to the Ecumenical Temple.
  5144 | D:5      | Found a bloodstained altar of Trog.
  5222 | D:5      | Reached skill level 7 in Fighting
  5224 | D:5      | Found Duuqesim's General Store.
  5301 | D:5      | Reached XP level 9. HP: 68/93 MP: 12/12
  5458 | D:5      | Reached ** piety under Yredelemnul
  5989 | Temple   | Entered the Ecumenical Temple
  6351 | D:6      | Noticed Edmund
  6380 | D:6      | Killed Edmund
  6528 | D:6      | Noticed a hornet
  7033 | D:6      | Noticed Hamu's ghost (novice GnWn)
  7041 | D:6      | Found a transporter.
  7182 | D:6      | Found a transporter.
  7362 | D:6      | Learned a level 3 spell: Swiftness
  7401 | D:7      | Found Linn's Book Emporium.
  7482 | D:7      | Found a sparkling altar of Nemelex Xobeh.
  7509 | D:7      | Found a glowing silver altar of Zin.
  7650 | D:7      | Reached skill level 8 in Fighting
  8688 | D:7      | Reached XP level 10. HP: 104/105 MP: 13/13
  9001 | D:8      | Found Hirosay's Specific Store.
  9003 | D:8      | Found Tastro's General Store.
  9013 | D:8      | Bought a scroll of identify for 24 gold pieces
  9044 | D:8      | Found an iron altar of Okawaru.
  9097 | D:8      | Paralysed by a hornet for 1 turns
  9383 | D:8      | Identified the +2 flail of Division {antimagic, rC+ rN+}
  9650 | D:8      | Paralysed by a hornet for 2 turns
  9659 | D:8      | Reached skill level 9 in Fighting
  9976 | D:8      | Reached skill level 5 in Ice Magic
 10365 | D:8      | Bought a +1 cloak of stealth for 198 gold pieces
 10405 | D:9      | Found a hazy altar of Hepliaklqana.
 11151 | D:9      | Paralysed by a hornet for 1 turns
 11332 | D:9      | Noticed a deep elf pyromancer
 11343 | D:9      | Killed a deep elf pyromancer
 11363 | D:9      | Noticed a cyclops
 11367 | D:9      | Reached skill level 10 in Fighting
 11368 | D:9      | Noticed a deep elf pyromancer
 11370 | D:9      | Noticed a centaur warrior
 11376 | D:9      | Killed a cyclops
 11377 | D:9      | Reached XP level 11. HP: 71/117 MP: 10/14
 11898 | D:9      | Killed a deep elf pyromancer
 11900 | D:9      | Killed a centaur warrior
 12209 | D:10     | Entered Level 10 of the Dungeon
 12217 | D:10     | Found a staircase to the Orcish Mines.
 12658 | D:10     | Found an ornate altar of the Wu Jian Council.
 12659 | D:10     | Found a radiant altar of Vehumet.
 12659 | D:10     | Found a shadowy altar of Dithmenos.
 12702 | D:10     | Noticed Grum
 12712 | D:10     | Reached skill level 1 in Invocations
 12714 | D:10     | Killed Grum
 13310 | D:10     | Found a staircase to the Lair.
 13688 | D:11     | Noticed a purple ugly thing
 13719 | Lair:1   | Entered Level 1 of the Lair of Beasts
 14232 | Lair:1   | Reached *** piety under Yredelemnul
 14369 | Lair:1   | Noticed a lindwurm
 14378 | Lair:1   | Killed a lindwurm
 14632 | Lair:1   | Reached **** piety under Yredelemnul
 14638 | Lair:1   | Reached XP level 12. HP: 93/127 MP: 18/18
 14643 | Lair:1   | Reached skill level 1 in Air Magic
 15592 | Lair:2   | You fall into a shaft and drop 1 floor!
 15910 | Lair:2   | Reached skill level 5 in Invocations
 16136 | Lair:2   | Reached ***** piety under Yredelemnul
 16210 | Lair:2   | Found a staircase to the Shoals.
 16633 | Lair:3   | Noticed Urug
 16634 | Lair:3   | Urug changed into Urug the lindwurm
 16634 | Lair:3   | Noticed Urug
 16638 | Lair:3   | Killed Urug the lindwurm
 16691 | Lair:3   | Reached skill level 10 in Staves
 16768 | Lair:3   | Noticed Fannar
 16782 | Lair:3   | Killed Fannar
 17031 | Lair:3   | Found a hole to the Spider Nest.
 17054 | Lair:3   | Reached skill level 10 in Throwing
 17065 | Lair:3   | Reached ****** piety under Yredelemnul
 17066 | Lair:3   | Reached XP level 13. HP: 60/135 MP: 19/19
 17146 | Lair:3   | Noticed Gastronok
 17157 | Lair:3   | Killed Gastronok
 17157 | Lair:3   | Enslaved Gastronok
 17570 | Lair:3   | Noticed Snorg
 17579 | Lair:3   | Your ally Fannar died
 17584 | Lair:3   | Killed Snorg
 18671 | Lair:4   | Noticed Sonja
 18685 | Lair:4   | Killed Sonja
 18686 | Lair:4   | Reached skill level 5 in Air Magic
 19609 | Lair:5   | Entered Level 5 of the Lair of Beasts
 19706 | Lair:5   | Found a viscous altar of Jiyva.
 19706 | Lair:5   | Found a staircase to the Slime Pits.
 19809 | Lair:5   | Reached skill level 10 in Dodging
 19854 | Lair:5   | Your ally Gastronok died
 20148 | Lair:5   | Reached skill level 5 in Spellcasting
 20389 | Lair:5   | Reached XP level 14. HP: 95/144 MP: 21/21
 20737 | Lair:5   | Reached skill level 11 in Fighting
 20759 | Lair:5   | Found a large runed translucent door.
 21841 | Lair:5   | Found a large runed translucent door.
 22962 | D:11     | Found a white marble altar of Elyvilon.
 23786 | D:12     | Found a glowing golden altar of the Shining One.
 25015 | D:13     | Reached skill level 1 in Evocations
 25091 | D:14     | Reached skill level 12 in Fighting
 25282 | D:14     | Noticed Rupert
 25282 | D:14     | Found a gate to the Vaults.
 25882 | D:14     | Found a runed translucent gate.
 25882 | D:14     | Found a runed translucent gate.
 25882 | D:14     | Found a runed translucent gate.
 25883 | D:14     | Noticed Nustrige's ghost (adept OpWn)
 25883 | D:14     | Noticed scionoferis's ghost (journeyman DgHs)
 25883 | D:14     | Noticed Mostra's ghost (journeyman DjFE)
 25884 | D:14     | Noticed Pesafeac's ghost (journeyman OpCj)
 25884 | D:14     | Noticed Eweu's ghost (adept DjFE)
 26285 | D:14     | Identified a scroll of acquirement
 26285 | D:14     | Acquired the +5 lajatang of Harmony {protect, Dex+3}
 26606 | D:14     | Paralysed by Rupert for 3 turns
 26809 | D:14     | Reached XP level 15. HP: 158/158 MP: 22/22
 27195 | D:15     | Entered Level 15 of the Dungeon
 27407 | D:15     | Reached skill level 10 in Invocations
 27424 | D:15     | Found a stormy altar of Qazlal.
 27991 | D:15     | Found a staircase to the Depths.
 27999 | D:15     | Reached skill level 13 in Fighting
 28460 | D:15     | Reached skill level 5 in Evocations
 28914 | Orc:1    | Entered Level 1 of the Orcish Mines
 29199 | Orc:2    | Entered Level 2 of the Orcish Mines
 29199 | Orc:2    | Found a staircase to the Elven Halls.
 29292 | Orc:1    | HP: 1/161 [two-headed ogre/+0 giant club (18)]
 29292 | Orc:1    | Mangled by a two-headed ogre

Illustrated notes

Levels and vault maps discovered:
D:1:      spicycebolla_arrival_clurvy, layout_rooms, minmay_tetromino_t4
D:2:      layout_loops_ring, serial_shops, shop, shop,
          nicolae_shop_advertising_works [nicolae_subvault_shop_adworks], shop,
          minmay_circle_x, uniq_jessica, uniq_natasha
D:3:      cheibrodos_old_hovel, layout_loops_ring,
          nicolae_yredelemnul_corpse_copse, mainiacjoe_overflow_surrounded_room,
          lemuel_coloured_pillars_altar, cheibrodos_sewer_entry_drain
D:4:      layout_basic, ashenzari_altar_1, nicolae_ossuary_entry_catacombs
D:5:      layout_loops_ring, trog_book, temple_fountains, serial_shops, shop,
          nicolae_inconvenience_store, nicolae_diamond_shop,
          nicolae_shop_crystal
D:6:      layout_loops_ring, gammafunk_ghost_hive, uniq_edmund
D:7:      layout_basic, mainiacjoe_overflow_24_doors,
          nemelex_diamond_rough_becter, serial_shops, shop_statue
D:8:      layout_basic, kennysheep_okawaru_gauntlet, minmay_strange_pillars,
          nicolae_specific_store, the_hattery
D:9:      layout_long_grid, nicolae_hepliaklqana_hazy_memory,
          minmay_fractal_squares_gapless_7
D:10:     layout_irregular_city, gammafunk_temple_overflow_forgotten,
          erik_lair_orcish_takeover, orc_0_dummy, uniq_grum
D:11:     layout_small_grid, elyvilon_altar_3
D:12:     layout_cave_pools, tso_metal_star
D:13:     layout_loops_ring
D:14:     minmay_distorted_concentric_squares, layout_irregular_city,
          david_vaults_3, gammafunk_ghost_cemetery
D:15:     hangedman_depths_entry_try_elsewhere_first, layout_loops_corners,
          nicolae_qazlal_style_of_elements, grunt_decor_junction
Temple:   hellmonk_temple_flake
Lair:1:   hellmonk_destroyed_diamonds, layout_small_grid
Lair:2:   layout_regular_city, minmay_shoals_entry_lonely_mermaid,
          lightli_volcano_entry_magma_tube, beast_lair_carwin_6
Lair:3:   layout_regular_city, hellmonk_spider_entry_not_the_bees,
          kennysheep_basilisk_garden, grunt_megastairs_2, uniq_gastronok,
          uniq_urug, uniq_snorg, uniq_fannar
Lair:4:   layout_concentric_octagons, serial_bayou_shore_b, uniq_sonja
Lair:5:   cheibrodos_lair_end_hotspot, layout_loops_ring, slime_entry_1,
          serial_bayou_shore_a
Orc:1:    layout_diamond_mine, serial_shops
Orc:2:    st_orc_ogre_mass, layout_caves, gauntlet_entry_generic,
          nicolae_orc_lost_temple

Skill      XL: |  1  2  3  4  5  6  7  8  9 10 11 12 13 14 15 |
---------------+----------------------------------------------+-----
Fighting       | 3 4 5 6 7 8 10 12 13 | 13.6
Dodging        | 3 4 5 6 7 8 9 10 11 12 | 12.6
Throwing       | 3 4 5 6 7 8 10 11 12 | 12.8
Staves         | 4 5 7 8 9 10 11 12 | 12.0
Spellcasting   | 1 2 4 5 |  5.0
Ice Magic      | 1 3 4 5 6 7 |  7.0
Invocations    | 3 6 8 9 10 | 10.0
Air Magic      | 4 5 |  5.1
Evocations     | 3 6 |  6.1

Action                     |  1- 3 |  4- 6 |  7- 9 | 10-12 | 13-15 || total
---------------------------+-------+-------+-------+-------+-------++-------
  Melee: Quarterstaff      |    68 |   166 |   311 |   295 |   399 ||  1239
         Lajatang          |       |       |       |       |    92 ||    92
  Throw: Large rock        |     5 |     1 |       |    19 |    39 ||    64
         Throwing net      |     3 |     1 |       |     2 |       ||     6
         Boomerang         |       |     4 |    89 |    87 |   152 ||   332
         Javelin           |       |       |       |    33 |    46 ||    79
         Dart              |       |       |       |     4 |     3 ||     7
         Stone             |       |       |       |     2 |       ||     2
   Cast: Ozocubu's Armour  |       |       |     1 |     5 |    13 ||    19
         Swiftness         |       |       |       |     1 |       ||     1
 Invoke: Dark Bargain      |       |       |       |     2 |     8 ||    10
         Recall Undead Har |       |       |       |     3 |    13 ||    16
         Bind Soul         |       |       |       |     1 |     1 ||     2
         Drain Life        |       |       |       |       |     2 ||     2
  Evoke: Wand              |       |     6 |    15 |    34 |    29 ||    84
    Use: Scroll            |       |     5 |    12 |    10 |    12 ||    39
         Potion            |       |     1 |     1 |     1 |    10 ||    13
   Stab: Sleeping          |       |    11 |     4 |     3 |     2 ||    20
         Paralysed         |       |     5 |     6 |       |     1 ||    12
         Distracted        |       |     1 |     1 |     7 |     3 ||    12
 Armour: Robe              |    41 |    43 |    64 |   112 |   158 ||   418
  Dodge: Dodged            |    43 |    88 |   179 |   330 |   455 ||  1095

Table legend: (Time is in decaauts)
 A = Elapsed time spent in this place.
 B = Non-inter-level travel time spent in this place.
 C = Inter-level travel time spent in this place.
 D = Time resting spent in this place.
 E = Time spent auto-exploring this place.
 F = Levels seen in this place.
 G = Mean time per level.
                   A        B        C        D        E       F      G
               +--------+--------+--------+--------+--------+-----+--------+
         Total |  29160 |  27403 |   1757 |   6235 |  13779 |  25 | 1166.4 |
       Dungeon |  19343 |  17947 |   1396 |   4252 |   8905 |  15 | 1289.5 |
        Temple |    149 |    140 |      9 |      0 |    129 |   1 |  149.0 |
          Lair |   8663 |   8327 |    336 |   1906 |   4515 |   5 | 1732.6 |
  Orcish Mines |    365 |    350 |     15 |      0 |    175 |   2 |  182.5 |
         Sewer |    255 |    255 |      0 |     32 |      0 |   1 |  255.0 |
       Ossuary |    382 |    382 |      0 |     45 |     55 |   1 |  382.0 |
               +--------+--------+--------+--------+--------+-----+--------+

Top non-repeatable levels by time:
  Lair:5: 2739 daAuts
     D:9: 2153 daAuts
    D:15: 1603 daAuts
    D:13: 1576 daAuts
  Lair:3: 1549 daAuts
     D:7: 1526 daAuts
     D:5: 1503 daAuts
     D:8: 1493 daAuts
  Lair:2: 1489 daAuts
  Lair:4: 1456 daAuts
  Lair:1: 1429 daAuts
    D:10: 1343 daAuts
    D:14: 1294 daAuts
     D:2: 1256 daAuts
     D:6: 1210 daAuts
